 Dungeon Crawl Stone Soup version 0.30.1-10-g1249ef9ec4 (webtiles) character file.

Game seed: 3811713014625243028

60 Peloso the Trooper (level 3, -1/34 HPs)
             Began as a Minotaur Fighter on Oct 26, 2023.
             Killed by divine providence
             ... invoked by an orc priest
              (16 damage)
             ... on level 2 of the Dungeon.
             The game lasted 00:02:53 (1464 turns).

Peloso the Trooper (Minotaur Fighter)               Turns: 1464, Time: 00:02:53

Health: -1/34      AC: 10    Str: 20    XL:     3   Next: 80%
Magic:  2/2        EV:  9    Int:  5    God:
Gold:   87         SH:  9    Dex: 11    Spells: 2/2 levels left

rFire   + + .        a - +0 long sword
rCold   x . .        d - +0 buckler
rNeg    . . .        c - +0 fire dragon scales
rPois   .            (helmet restricted)
rElec   .            (no cloak)
rCorr   .            m - +0 pair of gloves
SInv    +            (no boots)
Will    .....        i - amulet of reflection Stlth
                     j - ring of see invisible
HPRegen 0.25/turn    (no ring)
MPRegen 0.08/turn

%: reflection
@: no status effects
A: horns 2, retaliatory headbutt
a: no special abilities


You were on level 2 of the Dungeon.
You visited 1 branch of the dungeon, and saw 2 of its levels.

You collected 87 gold pieces.

Inventory:

Hand Weapons
 a - a +0 long sword (weapon)
Armour
 b - a +0 scale mail
 c - +0 fire dragon scales (worn)
 d - a +0 buckler (worn)
 m - a +0 pair of gloves (worn)
Jewellery
 i - an amulet of reflection (around neck)
 j - a ring of see invisible (left hand)
Scrolls
 e - a scroll of fog
Potions
 f - 2 potions of might
 g - a potion of resistance
 h - a potion of ambrosia {unknown}
 k - 2 potions of flight {unknown}


   Skills:
 + Level 4.3 Fighting
 + Level 3.2 Long Blades
 + Level 4.2 Armour
 + Level 0.5 Dodging
 + Level 4.1 Shields


You had 2 spell levels left.
You didn't know any spells.
Your spell library contained the following spells:

 Spells                   Type           Power      Damage    Failure   Level
 Slow                     Hex            0%         N/A       92%         1
 Lesser Beckoning         Tloc           0%         N/A       98%         2
 Confusing Touch          Hex            0%         N/A       100%        3
 Gell's Gravitas          Tloc           0%         N/A       100%        3
 Teleport Other           Tloc           0%         N/A       100%        3
 Vampiric Draining        Necr           0%         2d6       100%        3


Dungeon Overview and Level Annotations

Branches:
Dungeon (2/15)

Altars:


Innate Abilities, Weirdness & Mutations

You have a pair of horns on your head.
You reflexively headbutt those who attack you in melee.


Message History

The orc wizard hits you but does no damage.
You feel less confused.
You barely miss the orc wizard.
The orc wizard is heavily wounded.
You block the orc wizard's attack.
You completely miss the orc wizard.
The orc wizard is heavily wounded.
You block the orc wizard's attack.
The orc wizard hits you but does no damage.
You closely miss the orc wizard. You headbutt the orc wizard.
You kill the orc wizard!
Your Long Blades skill increases to level 3!
Things that are here:
a +0 dagger; a +0 robe; an orc corpse
Things that are here:
a +0 dagger; a +0 robe; an orc corpse
Items here: )) [ †.
You start waiting.
An orc priest is nearby!
Things that are here:
a +0 dagger; a +0 robe; an orc corpse You block the orc priest's attack.
The orc priest hits you with a +0 trident.
You hit the orc priest.
The orc priest is moderately wounded.
You block the orc priest's attack.
You hit the orc priest but do no damage.
You headbutt the orc priest, but do no damage.
The orc priest is moderately wounded.
The orc priest completely misses you. You furiously retaliate!
You headbutt the orc priest. The orc priest closely misses you.
You hit the orc priest. Your headbutt misses the orc priest.
The orc priest is almost dead.
The orc priest mumbles some strange prayers to Beogh against you.
Beogh smites you!
You barely miss the orc priest.
The orc priest is almost dead.
The orc priest mumbles some strange prayers to Beogh against you.
Beogh smites you!
You die...

#.# ##### #.# #.#
##†#...... #.#
####....# ###. #.#
....>...###...####.#
####...>##.........#
##............###
#..#.......#.#
#..#.~...~.#o#
#..#......o#@#
#..#.......#.#
#..#.......#)#
#..#.~...~.#.#
#####..#.......#)#
.......##.....##.#
###....###$oo###.#
###.....#######..#
#....##.........##


You could see an orc priest.

Vanquished Creatures
  An orc wizard (D:2)
  A worm (D:2)
  A dart slug (D:1)
  2 orcs (D:2)
  2 ball pythons (D:1)
  2 endoplasms
  2 giant cockroaches (D:1)
  2 goblins
  4 hobgoblins
  2 jackals (D:2)
  A quokka (D:1)
  2 bats (D:2)
  3 frilled lizards
  A kobold (D:1)
  2 rats
28 creatures vanquished.

Notes
Turn   | Place    | Note
-------+----------+-------------------------------------------
     0 | D:1      | Peloso the Minotaur Fighter began the quest for the Orb.
     0 | D:1      | Reached XP level 1. HP: 19/19 MP: 0/0
   207 | D:1      | Reached XP level 2. HP: 27/27 MP: 1/1
   472 | D:1      | Found a faded altar of an unknown god.
  1190 | D:2      | Reached XP level 3. HP: 32/33 MP: 2/2
  1464 | D:2      | Killed from afar by an orc priest

Illustrated notes

Levels and vault maps discovered:
D:1:      minmay_arrival_four_loops, layout_basic,
          shapermc_ecumenical_altar_pompeii, corner_web_ring,
          minmay_crystal_room
D:2:      cheibrodos_pilgrimage, layout_loops_corners

Skill      XL: |  1  2  3 |
---------------+----------+-----
Shields        | 4 |  4.1
Armour         | 4 |  4.2
Fighting       | 4 |  4.3
Long Blades    | 3 |  3.2
Dodging        | |  0.5

Action                     || total
---------------------------++-------
  Melee: Long sword        ||    82
         Headbutt          ||     7
    Use: Scroll            ||     6
 Armour: Scale mail        ||     4
         Fire dragon scale ||    28
  Dodge: Dodged            ||    31
  Block: Buckler           ||    27
